 Dungeon Crawl Stone Soup version 0.32-a0-468-g38b2580584 (webtiles) character file.

Game seed: 9684437553274093697

1757 Aldia the Covert (level 8, -13/48 HPs)
             Began as a Vampire Enchanter on Feb 24, 2024.
             Was an Initiate of Ru.
             Mangled by an ogre
             ... wielding a +0 giant club
              (33 damage)
             ... on level 6 of the Dungeon.
             The game lasted 00:15:52 (5398 turns).

Aldia the Covert (Vampire Enchanter)                Turns: 5398, Time: 00:15:54

Health: -13/48     AC:  7    Str:  7    XL:     8   Next: 79%
Magic:  4/12       EV: 16    Int: 17    God:    Ru [......]
Gold:   316        SH:  5    Dex: 23    Spells: 2/13 levels left

rFire   . . .        a - +1 dagger
rCold   + + .        (no shield)
rNeg    + + +        b - +0 robe
rPois   ∞            (no helmet)
rElec   .            w - +0 cloak
rCorr   .            (no gloves)
SInv    +            (no boots)
Will    .....        g - amulet of reflection
Stlth   +++++++      l - +4 ring of protection
HPRegen 0.00/turn    n - +6 ring of dexterity
MPRegen 0.13/turn

%: reflection
@: bloodless, inhibited regen
A: bloodless, fangs 3, see invisible, vampiric 2
a: Bat Form, Revivify, Renounce Religion


You were on level 6 of the Dungeon.
You worshipped Ru.
Ru was noncommittal.
You visited 2 branches of the dungeon, and saw 8 of its levels.
You also visited: Sewer.

You collected 316 gold pieces.

Inventory:

Hand Weapons
 a - a +1 dagger (weapon)
 D - a +1 great sword of protection
Armour
 b - a +0 robe (worn)
 w - a +0 cloak (worn)
 F - +0 acid dragon scales
Jewellery
 g - an amulet of reflection (around neck)
 l - a +4 ring of protection (left hand)
 n - a +6 ring of dexterity (right hand)
 o - a +4 ring of protection
 G - a ring of fire
Wands
 v - a wand of polymorph (8)
 C - a wand of light (8)
 E - a wand of paralysis (11)
Scrolls
 d - 2 scrolls of summoning
 f - a scroll of immolation {unknown}
 h - a scroll of fog {unknown}
 k - a scroll of blinking {unknown}
 m - a scroll of noise
 p - 2 scrolls of amnesia {unknown}
 t - a scroll of teleportation {unknown}
 x - a scroll of acquirement {unknown}
 y - a scroll of enchant weapon {unknown}
 z - a scroll of brand weapon {unknown}
 A - a scroll of enchant armour {unknown}
 B - a scroll of revelation
 I - a scroll of vulnerability {unknown}
Potions
 c - 3 potions of invisibility
 e - 2 potions of cancellation {unknown}
 i - a potion of enlightenment {unknown}
 j - 4 potions of degeneration {unknown}
 q - a potion of lignification {unknown}
 r - a potion of mutation {unknown}
 s - 2 potions of brilliance
 u - 2 potions of heal wounds
 H - a potion of haste {unknown}


   Skills:
 * Level 4.0 Fighting
 - Level 5.0 Short Blades
 * Level 6.0 Dodging
 + Level 9.5 Stealth
 - Level 3.0 Spellcasting
 - Level 8.0 Hexes
 - Level 1.0 Ice Magic


You had 2 spell levels left.
You knew the following spells:

 Your Spells              Type           Power      Damage    Failure   Level
a - Ensorcelled Hibernat  Hex/Ice        34%        N/A       4%          2
b - Confusing Touch       Hex            29%        N/A       1%          3
c - Tukima's Dance        Hex            29%        N/A       1%          3
d - Apportation           Tloc           4%         N/A       17%         1
e - Blink                 Tloc           4%         N/A       26%         2

Your spell library contained the following spells:

 Spells                   Type           Power      Damage    Failure   Level
 Magic Dart               Conj           8%         1d3       17%         1
 Call Imp                 Summ           4%         N/A       26%         2
 Mercury Vapours          Alch/Air       4%         N/A       26%         2
 Dazzling Flash           Conj/Hex       32%        N/A       10%         3
 Dimensional Bullseye     Hex/Tloc       8%         N/A       32%         4
 Mephitic Cloud           Conj/Alch/Air  2%         N/A       45%         3
 Passwall                 Erth           2%         N/A       45%         3
 Iskenderun's Mystic Bla  Conj/Tloc      2%         2d3       86%         4
 Freezing Cloud           Conj/Ice/Air   1%         6-21      99%         5


Dungeon Overview and Level Annotations

Branches:
Dungeon (7/15)             Temple (1/1) D:7           Sewer (visited)

Altars:
Ashenzari
Cheibriados
Dithmenos
Fedhas
Hepliaklqana
Kikubaaqudgha
Nemelex Xobeh
Okawaru
Qazlal
Ru
Sif Muna
Trog
Uskayaw
Vehumet
Xom
Yredelemnul

Annotations:
D:4 Robin
D:7 3 runed translucent doors, MrSquiggles's ghost, novice MDFi


Innate Abilities, Weirdness & Mutations

You do not regenerate when monsters are visible.
You are frail without blood (-20% HP).
You can heal yourself when you bite living creatures.
You are immune to poison.
You have razor-sharp teeth.
You have supernaturally acute eyesight. (SInv)
You are afflicted with vampirism and can become a bat while bloodless.


Message History

There is an open door here.
Found a hand axe.
An ogre comes into view. It is wielding a +0 giant club.
Found 9 gold pieces.
An ogre is nearby!
The ogre shouts!
No target in view!
Found a stone staircase leading up.
Casting: Ensorcelled Hibernation (safe; 4% risk of failure)
Confirm with . or Enter, or press ? or * to list all spells.
Aiming: Ensorcelled Hibernation (safe; 4% risk of failure)
Press: ? - help, Shift-Dir - straight line, f - ogre
Aim: an ogre, wielding a +0 giant club (chance to affect: 50%)
The ogre resists with some effort.
The ogre misses you.
Unknown command.
Casting: Ensorcelled Hibernation (safe; 4% risk of failure)
Confirm with . or Enter, or press ? or * to list all spells.
Aiming: Ensorcelled Hibernation (safe; 4% risk of failure)
Press: ? - help, Shift-Dir - straight line, f/p - ogre
Aim: an ogre, wielding a +0 giant club (chance to affect: 50%)
The ogre resists with some effort.
Unknown command.
Casting: Ensorcelled Hibernation (safe; 4% risk of failure)
Confirm with . or Enter, or press ? or * to list all spells.
Aiming: Ensorcelled Hibernation (safe; 4% risk of failure)
Press: ? - help, Shift-Dir - straight line, f/p - ogre
Aim: an ogre, wielding a +0 giant club (chance to affect: 50%)
The ogre resists with some effort.
The ogre hits you with a +0 giant club!!
Ouch! That really hurt!
Casting: Ensorcelled Hibernation (safe; 4% risk of failure)
Confirm with . or Enter, or press ? or * to list all spells.
Aiming: Ensorcelled Hibernation (safe; 4% risk of failure)
Press: ? - help, Shift-Dir - straight line, f/p - ogre
Aim: an ogre, wielding a +0 giant club (chance to affect: 50%)
The ogre resists with some effort.
The ogre hits you with a +0 giant club!!
Ouch! That really hurt!
You die...
Ru respects your ultimate sacrifice.

# *.......,,,,,,,*
#### *.....#*,#<*.#,**
'..###.....#*,..,..,,*
##.##......##,#.*.#,##
##..#(.....##...,.$..#
.##.#......##.#.*.#.##
..###......##...,....#
⌠..'.........,#O#.#)#*
..###.#######*#.@..#*
.##...##########.#.#
###..###.........#,#
####..##.#######.#,*
+.###....### *#...*
#......#...# **..###
******
##.....'.#.###..##
*,,,,*
.##....##..>...#*
*,**,*
..##...##.######
****,**,*


You could see an ogre.

Vanquished Creatures
  Maggie (D:6)
  Edmund (D:4)
  2 water moccasins
  A centaur (D:6)
  A bullfrog (D:6)
  4 scorpions
  2 wights (D:7)
  3 hounds
  3 jellies
  A gnoll bouda (D:5)
  Crazy Yiuf (D:4)
  4 iguanas
  A hell rat (Sewer)
  A gnoll (D:3)
  2 river rats
  7 adders
  A shadow imp (D:5)
  2 white imps
  2 ufetubi (D:5)
  2 dart slugs
  2 orcs
  4 bats
  8 endoplasms
  6 giant cockroaches
  6 goblins
  7 hobgoblins
  4 kobolds
  6 quokkas
  8 ball pythons
  2 frilled lizards
  10 rats
105 creatures vanquished.

Vanquished Creatures (collateral kills)
  2 wights (D:7)
  A dart slug (D:5)
3 creatures vanquished.

Grand Total: 108 creatures vanquished

Notes
Turn   | Place    | Note
-------+----------+-------------------------------------------
     0 | D:1      | Aldia the Vampire Enchanter began the quest for the Orb.
     0 | D:1      | Reached XP level 1. HP: 13/13 MP: 3/3
   222 | D:1      | Reached XP level 2. HP: 15/15 MP: 5/5
   225 | D:1      | Learned a level 2 spell: Ensorcelled Hibernation
   243 | D:1      | Reached skill level 5 in Stealth
   704 | D:2      | Gained mutation: You are afflicted with vampirism and can
                  | become a bat while bloodless. [Vampire growth]
   704 | D:2      | Reached XP level 3. HP: 17/19 MP: 6/6
   711 | D:2      | Learned a level 3 spell: Confusing Touch
   825 | D:2      | Found a sparkling altar of Nemelex Xobeh.
  1081 | D:2      | Reached skill level 1 in Ice Magic
  1355 | D:3      | Reached skill level 6 in Stealth
  1355 | D:3      | Reached XP level 4. HP: 24/24 MP: 4/7
  1439 | D:3      | Got the Annotations on the Dusty Traveller
  1997 | D:4      | Noticed a water moccasin
  2068 | D:4      | Noticed Robin
  2122 | D:4      | Killed a water moccasin
  2123 | D:4      | Reached skill level 7 in Stealth
  2123 | D:4      | Reached skill level 5 in Hexes
  2123 | D:4      | Reached XP level 5. HP: 28/28 MP: 1/8
  2174 | D:4      | Learned a level 3 spell: Tukima's Dance
  2245 | D:4      | Found a glowing drain.
  2249 | Sewer    | Entered a sewer
  2330 | Sewer    | Reached XP level 6. HP: 32/32 MP: 4/9
  2493 | D:4      | Reached skill level 5 in Short Blades
  2493 | D:4      | Reached skill level 8 in Stealth
  2578 | D:4      | Found a hide-covered altar of Uskayaw.
  2733 | D:4      | Found a runed translucent door.
  2734 | D:4      | Noticed Crazy Yiuf
  2834 | D:4      | Noticed Edmund
  2840 | D:4      | Killed Edmund
  2841 | D:4      | Reached XP level 7. HP: 36/36 MP: 7/11
  2909 | D:4      | Killed Crazy Yiuf
  2936 | D:5      | Entered Level 5 of the Dungeon
  3053 | D:5      | Learned a level 1 spell: Apportation
  3056 | D:5      | Learned a level 2 spell: Blink
  3424 | D:5      | Found a stormy altar of Qazlal.
  3424 | D:5      | Found a radiant altar of Vehumet.
  3721 | D:5      | Reached skill level 1 in Fighting
  4462 | D:7      | Found a shimmering blue altar of Sif Muna.
  4488 | D:7      | Reached XP level 8. HP: 9/45 MP: 1/12
  4687 | D:7      | Found a staircase to the Ecumenical Temple.
  4696 | Temple   | Entered the Ecumenical Temple
  4701 | Temple   | Became a worshipper of Ru the Awakened
  4791 | D:7      | Found a runed translucent gate.
  4791 | D:7      | Noticed MrSquiggles's ghost (novice MDFi)
  4792 | D:7      | Found a runed translucent gate.
  4792 | D:7      | Found a runed translucent gate.
  4793 | D:7      | Identified the +2 plate armour "Neisch" {^Drain +Blink
                  | rElec Dex+3}
  4848 | D:6      | Noticed Maggie
  4858 | D:6      | Paralysed by Maggie for 2 turns
  4873 | D:6      | Killed Maggie
  4874 | D:6      | Reached skill level 5 in Dodging
  4874 | D:6      | Reached skill level 9 in Stealth
  5398 | D:6      | Mangled by an ogre

Illustrated notes

Levels and vault maps discovered:
D:1:      matt_arrival_refuge, layout_rooms, serial_bayou_ford_a,
          kennysheep_decorative_pillar, corner_web_ring,
          amcnicky_mini_corridor_feature
D:2:      layout_rooms, basic_altar, chequers_mini_garden
D:3:      layout_basic, st_stairs_9
D:4:      layout_cave_pools, eat_drink_and_be_merry_uskayaw,
          gup_sewer_entry_bowl, minmay_misc_feat_more_columns, uniq_edmund,
          uniq_robin, uniq_crazy_yiuf_cottage
D:5:      minmay_razor_zed, layout_loops_ring, gammafunk_temple_overflow_pools
D:6:      layout_basic, nicolae_hexahallways, st_stairs_8, uniq_maggie
D:7:      layout_basic, kennysheep_mini_moat, lemuel_temple_firewalk_b,
          biasface_ghost_orc_armoury
Temple:   minmay_freezing_vapour_temple

Skill      XL: |  1  2  3  4  5  6  7  8 |
---------------+-------------------------+-----
Stealth        | 5 6 7 8 9 |  9.5
Short Blades   | 2 4 5 |  5.0
Ice Magic      | 1 |  1.0
Hexes          | 5 6 8 |  8.0
Spellcasting   | 3 |  3.0
Fighting       | 2 4 |  4.0
Dodging        | 3 6 |  6.0

Action                     |  1- 3 |  4- 6 |  7- 9 || total
---------------------------+-------+-------+-------++-------
  Melee: Dagger            |    73 |    71 |   148 ||   292
         Bite              |     4 |     7 |    20 ||    31
   Cast: Ensorcelled Hiber |     9 |    15 |    30 ||    54
         Tukima's Dance    |       |       |     5 ||     5
Ability: Exsanguinate      |     1 |       |       ||     1
  Evoke: Wand              |       |       |     1 ||     1
    Use: Scroll            |       |       |     8 ||     8
   Stab: Sleeping          |    30 |    22 |    16 ||    68
 Armour: Robe              |    21 |    20 |    55 ||    96
  Dodge: Dodged            |    30 |    22 |    85 ||   137
  Block: Other             |     6 |    13 |    28 ||    47
         Reflection        |       |       |     2 ||     2

Table legend: (Time is in decaauts)
 A = Elapsed time spent in this place.
 B = Non-inter-level travel time spent in this place.
 C = Inter-level travel time spent in this place.
 D = Time resting spent in this place.
 E = Time spent auto-exploring this place.
 F = Levels seen in this place.
 G = Mean time per level.
                   A        B        C        D        E       F      G
               +--------+--------+--------+--------+--------+-----+--------+
         Total |   5369 |   4924 |    445 |    286 |   3419 |   9 |  596.6 |
       Dungeon |   5222 |   4781 |    441 |    248 |   3419 |   7 |  746.0 |
        Temple |     10 |      6 |      4 |      0 |      0 |   1 |   10.0 |
         Sewer |    136 |    136 |      0 |     38 |      0 |   1 |  136.0 |
               +--------+--------+--------+--------+--------+-----+--------+

Top non-repeatable levels by time:
     D:5: 1315 daAuts
     D:3: 924 daAuts
     D:4: 795 daAuts
     D:6: 786 daAuts
     D:1: 653 daAuts
     D:2: 519 daAuts
     D:7: 228 daAuts
   Sewer: 136 daAuts
  Temple: 10 daAuts
